AoeStats
← LeCoumik

Black Forest

504746728Analyzed
3v3 RM · 27d ago on Sep 6, 2026· 55m 46s· 6 players
Game mode
Random Map
Map size
Normal (6 player)
Population
200
Speed
Normal
Resources
Standard
Victory
Conquest
Starting age
Dark Age
Ending age
Imperial Age
RankedLock teamsTeams togetherTeam positionsShared explorationLock speedFull tech treeHidden civsTurbo modeCheats
Victory
Defeat
🇩🇪 Franks · Germany
689
+18
🇨🇴 Romans · Colombia
679
+19
🇵🇪 Persians · Peru
582
+22
🇫🇷 Goths · France
753
-53
🇫🇷 Britons · France
752
-53
🇫🇷 Britons · France
701
-40
NEGRONE2280
1:21 Loom
14:21 Feudal Age
15:55 Wheelbarrow
15:10 Double-Bit Axe
16:18 Town Watch
18:22 Horse Collar
20:42 Gold Mining
24:17 Stone Mining
28:29 Castle Age
27:35 Forging
27:25 Padded Archer Armor
28:14 Man-at-Arms
29:07 Bloodlines
29:37 Husbandry
32:55 Fervor
33:10 Hand Cart
33:44 Bow Saw
34:41 Heavy Plow
35:54 Fletching
36:11 Scale Barding Armor
39:46 Imperial Age
37:56 Pikeman
38:38 Squires
38:43 Bodkin Arrow
39:05 Leather Archer Armor
39:12 Chain Barding Armor
40:05 Ballistics
39:57 Fortified Wall
39:13 Elite Skirmisher
41:01 Conscription
41:04 Masonry
41:56 Gold Shaft Mining
42:02 Halberdier
45:13 Ballistas
49:41 Ring Archer Armor
49:53 Murder Holes
56:08 Plate Barding Armor
55:46 Caravan
internet-shop24
11:41 Loom
14:06 Feudal Age
14:40 Double-Bit Axe
20:22 Castle Age
20:16 Town Watch
24:11 Bow Saw
26:57 Stone Mining
28:15 Caravan
32:50 Wheelbarrow
39:01 Imperial Age
36:38 Gold Mining
37:51 Hand Cart
37:38 Town Patrol
39:46 Gold Shaft Mining
40:15 Coinage
39:59 Forging
39:50 Scale Mail Armor
39:56 Scale Barding Armor
39:51 Padded Archer Armor
39:42 Fletching
41:18 Chemistry
40:39 Ballistics
40:31 Masonry
39:54 Capped Ram
41:12 Arrowslits
41:17 Guard Tower
41:24 Murder Holes
41:39 Fortified Wall
42:06 Iron Casting
42:47 Chain Mail Armor
42:53 Chain Barding Armor
42:42 Siphons
42:49 Clinker Construction
43:18 Hoardings
42:48 Chivalry
43:09 Conscription
43:41 Siege Engineers
44:00 #83
47:46 Architecture
47:29 Careening
47:39 Carvel Hull
47:26 Elite Throwing Axeman
50:18 Banking
51:06 Plate Barding Armor
51:01 Plate Mail Armor
51:32 Blast Furnace
50:47 Leather Archer Armor
50:28 Bodkin Arrow
50:46 Cavalier
51:33 Husbandry
51:02 Light Cavalry
51:39 Paladin
musoq
13:26 Feudal Age
19:07 Castle Age
18:02 Wheelbarrow
22:07 Hand Cart
24:06 Loom
33:48 Imperial Age
32:41 Double-Bit Axe
32:40 Horse Collar
33:15 Forging
33:06 Scale Mail Armor
33:07 Padded Archer Armor
32:57 Fletching
36:12 Caravan
36:44 Coinage
36:25 Guilds
38:09 Town Watch
39:04 Iron Casting
38:45 Chain Mail Armor
38:46 Leather Archer Armor
38:27 Bodkin Arrow
38:37 Scale Barding Armor
40:06 Town Patrol
41:09 Blast Furnace
40:14 Heavy Plow
40:31 Bow Saw
40:52 Ballistics
40:23 Heated Shot
41:34 Chemistry
41:53 Elite War Elephant
44:09 Hoardings
44:22 Squires
45:43 Plate Mail Armor
45:43 Ring Archer Armor
45:58 Ring Archer Armor
49:31 Cavalier
50:12 Husbandry
54:49 Savar
medvedevodka
10:54 Feudal Age
19:55 Castle Age
18:51 Wheelbarrow
18:02 Horse Collar
18:17 Stone Mining
18:16 Double-Bit Axe
23:01 Crossbowman
25:06 Bow Saw
24:50 Gold Mining
25:07 Heavy Plow
29:47 Gold Shaft Mining
29:55 Hand Cart
29:28 Loom
38:12 Imperial Age
35:39 Fletching
35:50 Padded Archer Armor
37:53 Yeomen
37:56 Leather Archer Armor
37:40 Bodkin Arrow
39:53 Arbalester
41:10 Ring Archer Armor
40:54 Forging
40:45 Bracer
40:53 Scale Barding Armor
40:19 Cavalier
45:54 Chain Barding Armor
LeCoumik
0:55 Loom
13:22 Feudal Age
13:32 Feudal Age
16:28 Man-at-Arms
19:24 Wheelbarrow
21:40 Castle Age
24:08 Long Swordsman
28:18 Hand Cart
28:21 Town Watch
42:20 Imperial Age
40:49 Anarchy
42:15 Scale Mail Armor
42:26 Forging
43:16 Elite Huskarl
44:40 Capped Ram
55:45 Iron Casting
55:25 Chain Mail Armor
CRACKOW.
10:27 Loom
14:03 Feudal Age
19:14 Wheelbarrow
19:35 Town Watch
24:53 Fletching
25:04 Padded Archer Armor
33:16 Castle Age
33:48 Crossbowman
40:44 Bodkin Arrow
41:04 Leather Archer Armor
42:01 Hand Cart
41:47 Town Patrol
52:56 Gambesons
52:31 Man-at-Arms
52:31 Pikeman
53:12 Squires
Connection lost

Rejoining the realm…

Still unreachable

The connection could not be restored.

Session expired

The server has moved on; the page needs a fresh start.